 Dungeon Crawl Stone Soup version 0.25-a0-280-gfa4545f (webtiles) character file.

Game seed: 5348290473288992825, levelgen mode: deterministic

168 Alex the Cudgeler (level 5, -3/32 HPs)
             Began as a Gargoyle Fighter on Dec 10, 2019.
             Slain by an ogre
             ... wielding a +0 giant spiked club
              (14 damage)
             ... on level 4 of the Dungeon.
             The game lasted 00:06:17 (2110 turns).

Alex the Cudgeler (Gargoyle Fighter)                Turns: 2110, Time: 00:06:18

Health: -3/32      AC: 16    Str: 20    XL:     5   Next: 48%
Magic:  5/5        EV:  5    Int:  9    God:
Gold:   93         SH: 10    Dex:  9    Spells: 4/4 levels left

rFire    . . .     SeeInvis .   a - +1 flail
rCold    . . .     Gourm    .   c - +1 shield
rNeg     + . .     Faith    .   t - +0 chain mail
rPois    ∞         Spirit   .   n - +1 hat
rElec    +         Reflect  .   o - +1 cloak {rPois}
rCorr    .         Harm     .   (no gloves)
MR       .....                  (no boots)
Stlth    ..........             (no amulet)
HPRegen  0.10/turn              (no ring)
MPRegen  0.09/turn              (no ring)

@: no status effects
A: negative energy resistance 1, electricity resistance, unbreathing,
petrification resistance, rot immunity, AC +4
a: no special abilities


You were on level 4 of the Dungeon.
You were very hungry.

You visited 1 branch of the dungeon, and saw 4 of its levels.

You collected 93 gold pieces.

Inventory:

Hand Weapons
 a - a +1 flail (weapon)
Armour
 b - a +0 scale mail
 c - a +1 shield (worn)
 n - a +1 hat (worn)
 o - a +1 cloak of poison resistance (worn)
 t - a +0 chain mail (worn)
Scrolls
 e - 2 scrolls of identify
 j - 3 scrolls of enchant armour
 m - a scroll of enchant weapon
 p - a scroll of remove curse
Potions
 d - a potion of might
 g - a potion of brilliance {unknown}
 i - 2 potions of magic
 k - a potion of lignification {unknown}
 l - a potion of haste {unknown}
 q - a potion of curing {unknown}
 s - a potion of degeneration {unknown}
Comestibles
 f - 4 rations


   Skills:
 - Level 3.2 Fighting
 + Level 5.5 Maces & Flails
 - Level 3.2 Armour
 - Level 3.2 Shields


You had 4 spell levels left.
You didn't know any spells.
Your spell library was empty.

Dungeon Overview and Level Annotations

Branches:
Dungeon (4/15)
 Temple: D:4-7

Altars:

Annotations:
D:4 1 transporter


Innate Abilities, Weirdness & Mutations

You are resistant to torment.
Your stone body is resilient. (AC +4)
You are immune to poison.
You resist negative energy. (rN+)
You are resistant to electric shocks. (rElec)
You can survive without breathing.
You are immune to petrification.
You are immune to rotting.


Message History

You are too injured to fight recklessly!
You are too injured to fight recklessly!
You barely miss the ogre.
The ogre is moderately wounded.
Your chain mail prevents you from hitting the ogre.
The ogre is moderately wounded.
The ogre hits you but does no damage.
You completely miss the ogre.
The ogre is moderately wounded.
You block the ogre's attack.
You hit the ogre.
The ogre is severely wounded.
You block the ogre's attack.
You hit the ogre.
The ogre is severely wounded.
You block the ogre's attack.
You barely miss the ogre.
The ogre is severely wounded.
The ogre hits you with a +0 giant spiked club!
You die...

.# #......# .#
#......# .######
#......#
.##...######......#
....#..#..........#
..####.#.....######
.## #....©......#
>. ###########.# #.
#○.○(©[b○○#@# .
#°○○$[$○°°#O# ##
#○.○...○○°#..
#...○°.○○.###.
#°○.○.○.○°# #.
###+++### .. .. ..


You could see an ogre.

Vanquished Creatures
  A bullfrog (D:3)
  Crazy Yiuf (D:3)
  2 adders
  4 worms
  A dart slug (D:3)
  A leopard gecko (D:3)
  4 giant cockroaches
  4 goblins
  6 hobgoblins
  2 jackals (D:2)
  3 bats
  3 frilled lizards
  6 kobolds
  7 rats
45 creatures vanquished.

Notes
Turn   | Place    | Note
-------+----------+-------------------------------------------
     0 | D:1      | Alex the Gargoyle Fighter began the quest for the Orb.
     0 | D:1      | Reached XP level 1. HP: 14/14 MP: 1/1
   190 | D:1      | Reached XP level 2. HP: 16/19 MP: 2/2
   378 | D:1      | Reached skill level 3 in Maces & Flails
   762 | D:2      | Reached XP level 3. HP: 23/23 MP: 3/3
  1175 | D:3      | Noticed a bullfrog
  1183 | D:3      | Killed a bullfrog
  1183 | D:3      | Reached skill level 4 in Maces & Flails
  1183 | D:3      | Reached XP level 4. HP: 28/28 MP: 4/4
  1189 | D:3      | Reached skill level 5 in Maces & Flails
  1189 | D:3      | Reached XP level 5. HP: 31/32 MP: 5/5
  1547 | D:3      | Found a runed translucent door.
  1548 | D:3      | Noticed Crazy Yiuf
  1863 | D:3      | Killed Crazy Yiuf
  2079 | D:4      | Found a transporter.
  2084 | D:4      | Noticed a fire bat
  2084 | D:4      | Noticed a fire bat
  2096 | D:4      | Noticed an ogre
  2110 | D:4      | Slain by an ogre

Levels and vault maps discovered:
D:1:      minmay_arrival_five_plusses, layout_loops_ring
D:2:      layout_basic
D:3:      layout_basic, first_ration, minmay_starry_boxes,
          uniq_crazy_yiuf_cottage
D:4:      gammafunk_cloud_chamber, layout_basic, minmay_temple_entry_large_hall,
          gammafunk_ghost_arena

Skill      XL: |  1  2  3  4 |
---------------+-------------+-----
Maces & Flails | 3 4 5 |  5.5
Fighting       | |  3.2
Armour         | |  3.2
Shields        | |  3.2

Action                   |  1- 3 |  4- 6 || total
-------------------------+-------+-------++-------
Melee: Flail             |   101 |   100 ||   201
  Use: Scroll            |       |     8 ||     8
  Eat: Chunk             |     1 |     2 ||     3
Armor: Scale mail        |    62 |    50 ||   112
       Chain mail        |       |    10 ||    10
Dodge: Dodged            |    33 |    38 ||    71
Block: Shield            |    46 |    47 ||    93

Table legend:
 A = Non-vault XP
 B = Vault XP
 C = Vault XP percentage of total XP
 D = Non-vault monster count
 E = Vault monster count
 F = Vault count percentage of total count
                 A         B        C        D         E       F
            +---------+---------+-------+---------+---------+-------
      Total |     195 |      45 |  18.8 |      41 |       4 |   8.9
            +---------+---------+-------+---------+---------+-------
        D:1 |      23 |       0 |   0.0 |      15 |       0 |   0.0
        D:2 |      36 |       0 |   0.0 |      12 |       0 |   0.0
        D:3 |     136 |      45 |  24.9 |      14 |       4 |  22.2
            +---------+---------+-------+---------+---------+-------
